 Dungeon Crawl Stone Soup version 0.19-a0-347-g6bb00b2 (webtiles) character file.

9563 wvc the Bludgeoner (level 11, -3/84 HPs)
             Began as a Demonspawn Chaos Knight on May 29, 2016.
             Killed from afar by an electric eel (13 damage)
             ... with a bolt of electricity
             ... on level 11 of the Dungeon.
             The game lasted 00:18:38 (9771 turns).

wvc the Bludgeoner (Demonspawn Chaos Knight)        Turns: 9771, Time: 00:18:39

Health: -3/84      AC: 13    Str: 11    XL:     11   Next: 24%
Magic:  11/11      EV:  9    Int: 17    God:    Xom [.....*]
Gold:   613        SH:  0    Dex: 18    Spells: 0 memorised, 10 levels left

rFire  . . .     SeeInvis +     L - +0 dire flail (drain)
rCold  + . .     Gourm    .     M - +2 scale mail {MR+}
rNeg   . . .     Faith    .     (shield currently unavailable)
rPois  +         Spirit   .     v - +1 hat
rElec  .         Dismiss  .     k - +0 cloak
rCorr  .         Reflect  .     (no gloves)
SustAt .         Harm     .     (boots unavailable)
MR     ++...     Clarity  +     (no amulet)
Stlth  ..........               l - ring of poison resistance
                                j - ring of protection from cold

@: very resistant to hostile enchantments, extremely unstealthy
A: horns 1, talons 3, yellow scales 1, see invisible, agile 1, clarity, clever
1, magic resistance 1, powered by death 2, robust 1, spiny 1
a: Renounce Religion


You were on level 11 of the Dungeon.
You worshipped Xom.
You were Xom's teddy bear.
You were not hungry.

You visited 1 branch of the dungeon, and saw 11 of its levels.
You also visited: Ossuary.

You collected 613 gold pieces.

Inventory:

Hand Weapons
 a - a +0 war axe
 t - a +0 flail
 L - a +0 dire flail of draining (weapon)
Missiles
 s - 3 javelins (quivered)
Armour
 k - a +0 cloak (worn)
 v - a +1 hat (worn)
 M - a +2 scale mail of magic resistance (worn)
Jewellery
 j - a ring of protection from cold (left hand)
 l - a ring of poison resistance (right hand)
 n - an uncursed ring of resist corrosion
 u - an uncursed ring of magical power
 z - an uncursed ring of flight
 O - an uncursed ring of magical power
 R - a +2 ring of slaying {unknown}
 S - a cursed -2 ring of strength {unknown}
Wands
 o - a wand of lightning (10/15)
 q - a wand of flame (20/48)
 x - a wand of lightning (8/15)
 y - a wand of confusion (14/48)
 Q - a wand of disintegration (15/24)
Scrolls
 i - 6 scrolls of recharging
 r - 2 scrolls of amnesia
 C - 2 scrolls of enchant weapon
 E - a scroll of fog
 F - 3 scrolls of remove curse
 G - 4 scrolls of immolation
 H - 3 scrolls of noise
Potions
 e - 3 potions of cancellation
 f - a potion of ambrosia
 g - 2 potions of resistance
 h - 3 potions of curing
 m - 2 potions of brilliance
 p - a potion of magic
 D - a potion of lignification
 J - a potion of cure mutation
 K - a potion of might
 P - a potion of agility {unknown}
Books
 N - a book of Necromancy

   Spells                             Type                      Level
   a - Pain                           Necromancy                   1
   b - Animate Skeleton               Necromancy                   1
   c - Vampiric Draining              Necromancy                   3
   d - Regeneration                   Charms/Necromancy            3
   e - Animate Dead                   Necromancy                   4
   f - Control Undead                 Necromancy                   4
Miscellaneous
 b - a plain deck of changes {drawn: 2}
 w - a plain deck of changes
 B - a phial of floods (inert)
Comestibles
 c - 10 bread rations
 d - 5 meat rations
 I - 4 royal jellies
 T - a fruit


   Skills:
 + Level 4.2 Fighting
 - Level 15.0 Maces & Flails
 + Level 3.4 Armour
 + Level 2.1 Dodging


You had 10 spell levels left.
You didn't know any spells.

Dungeon Overview and Level Annotations

Branches:
Dungeon (11/15)            Temple (0/1) D:4             Orc (0/2) D:9
   Lair: D:8-11

Altars:
Ashenzari
Cheibriados
Dithmenos
Gozag
Hepliaklqana
Kikubaaqudgha
Nemelex Xobeh
Okawaru
Ru
Trog
Ukayaw
Xom
The Shining One

Shops:
D:5 }   D:9 !


Innate Abilities, Weirdness & Mutations

You have claws for feet.
You are partially covered in yellow scales. (AC +2)
You regenerate health from kills.
You are partially covered in sharp spines.
You have a pair of small horns on your head.
You have supernaturally acute eyesight. (SInv)
You are agile. (Dex +2)
You possess an exceptional clarity of mind.
Your mind is acute. (Int +2)
You are resistant to hostile enchantments. (MR+)
You are robust. (+10% HP)


Message History

The centaur skeleton is struck by your spines.
You destroy the centaur skeleton!
The electric eel shoots out a bolt of lightning at you!
The bolt of electricity hits the electric eel.
The electric eel completely resists.
The bolt of electricity hits you!
You barely miss the electric eel.
You claw the electric eel, but do no damage.
The electric eel shoots out a bolt of lightning at you!
The bolt of electricity hits you!
* * * LOW HITPOINT WARNING * * *
The giant frog skeleton is struck by your spines.
The giant frog skeleton barely misses you.
The electric eel shoots out a bolt of lightning at you!
The bolt of electricity hits you!
* * * LOW HITPOINT WARNING * * *
The giant frog skeleton is struck by your spines.
The giant frog skeleton hits you but does no damage.
The electric eel shoots out a bolt of lightning at you!
The bolt of electricity hits you!
You die...

##..#.###≈##
.......≈≈≈≈≈
#.....≈≈≈≈≈≈
#.#..≈≈≈≈≈≈≈
#...≈≈≈≈≈≈≈≈ ..
##..≈≈≈≈≈≈≈≈≈ .###.
#....≈≈≈≈≈≈≈≈ .....
#....#≈≈≈≈≈≈≈
....###..@<..≈≈≈≈≈#
#......Z#...≈≈≈.#
+............≈...
#..........≈≈....
#.....#...≈≈≈≈..#
#..5.....≈≈≈≈≈≈.#
##≈;#....≈≈≈≈≈≈≈#
#≈≈≈;....≈≈≈≈≈≈≈#
.≈≈≈≈≈≈...≈≈≈≈≈≈..


You could see 2 electric eels, a shadow imp and a giant frog skeleton.

Vanquished Creatures
  The ghost of Yehuk the Destroyer, a novice DrCj of Vehumet (D:10)
  A hill giant (D:9)
  An ugly thing (D:9)
  Psyche (D:7)
  A merfolk (D:10)
  4 yaks (D:10)
  5 humans (D:7)
  A wyvern (D:10)
  2 hippogriffs
  A hungry ghost (D:8)
  Edmund (D:6)
  Menkaure (D:6)
  A water moccasin (D:6)
  Duvessa (D:6)
  2 orc warriors
  An ice beast (D:8)
  A wasp (D:8)
  2 phantoms (D:9)
  A sky beast (D:10)
  2 necrophages
  6 ogres
  4 centaurs
  A big kobold (D:10)
  3 giant frogs
  A wyvern skeleton (D:5)
  Dowan (D:6)
  3 scorpions
  4 killer bees (D:8)
  8 wights (D:7)
  An electric eel (D:11)
  3 howler monkeys (D:10)
  4 crimson imps
  2 centaur zombies (Ossuary)
  A quasit (D:8)
  4 jellies
  8 hounds
  11 orc wizards
  11 orc priests
  4 giant frog skeletons
  2 centaur skeletons
  7 worker ants
  3 iguanas
  A hell rat (D:8)
  6 sheep (D:7)
  A killer bee zombie (D:9)
  2 ogre zombies (Ossuary)
  2 hound skeletons
  6 mummies (Ossuary)
  2 worker ant zombies
  14 adders
  A river rat (D:1)
  A shadow imp (D:7)
  An ooze (D:3)
  An adder zombie (Ossuary)
  An adder skeleton (D:8)
  2 worms
  3 dart slugs
  2 giant geckos
  40 orcs
  3 bats
  3 giant cockroaches
  14 goblins
  3 hobgoblins
  15 jackals
  9 kobolds
  7 quokkas
  A giant gecko skeleton (D:7)
  3 giant newts
  3 goblin zombies (D:7)
  5 hobgoblin zombies
  A kobold skeleton (D:7)
  A kobold zombie (D:7)
  An orc skeleton (D:7)
  An orc zombie (D:7)
  6 rats
  3 rat zombies (Ossuary)
288 creatures vanquished.

Vanquished Creatures (collateral kills)
  A polar bear (D:10)
  A big kobold (D:10)
  A hound (D:4)
  A kobold (D:10)
4 creatures vanquished.

Vanquished Creatures (others)
  A worker ant (D:4)
  5 sheep (D:9)
  A shadow imp (D:11)
  An orc (D:10)
  A jackal zombie (D:6)
9 creatures vanquished.

Grand Total: 301 creatures vanquished

Notes
Turn   | Place    | Note
--------------------------------------------------------------
     0 | D:1      | wvc the Demonspawn Chaos Knight began the quest for the Orb.
     0 | D:1      | Reached XP level 1. HP: 18/18 MP: 1/1
    21 | D:1      | XOM: butterfly on damage
    63 | D:1      | XOM: potion effect (invisibility)
   151 | D:1      | XOM: polymorph goblin -> river rat
   152 | D:1      | XOM: enchant monster (bad)
   157 | D:1      | Reached skill level 3 in Maces & Flails
   157 | D:1      | Gained mutation: You are partially covered in sharp spines. [demonic ancestry]
   157 | D:1      | Reached XP level 2. HP: 10/24 MP: 2/2
   335 | D:1      | XOM: harmless Fire miscast
   793 | D:2      | Reached XP level 3. HP: 26/29 MP: 3/3
   872 | D:2      | Reached skill level 4 in Maces & Flails
  1136 | D:2      | XOM is BORED!
  1136 | D:2      | XOM: mild Tmut miscast
  1318 | D:3      | Found a sparkling altar of Nemelex Xobeh.
  1323 | D:3      | Found a bloodstained altar of Trog.
  1378 | D:3      | Gained mutation: You regenerate a little health from kills. [demonic ancestry]
  1378 | D:3      | Reached XP level 4. HP: 35/35 MP: 4/4
  1403 | D:3      | Found a shattered altar of Ashenzari.
  1539 | D:3      | XOM: scenery: create altars
  1695 | D:3      | Reached skill level 5 in Maces & Flails
  1924 | D:3      | XOM: vitrification
  1976 | D:3      | XOM: mild Pois miscast
  2160 | D:4      | Gained mutation: You have sharp toenails. [demonic ancestry]
  2160 | D:4      | Reached XP level 5. HP: 39/41 MP: 5/5
  2167 | D:4      | Noticed an ogre
  2173 | D:4      | Killed an ogre
  2174 | D:4      | XOM: enchant monster (good)
  2176 | D:4      | XOM: polymorph howler monkey -> hound
  2178 | D:4      | XOM: polymorph hound -> iguana
  2180 | D:4      | XOM: cast spell 'Call Canine Familiar'
  2186 | D:4      | Reached skill level 6 in Maces & Flails
  2189 | D:4      | Gained mutation: You regenerate health from kills. [demonic ancestry]
  2189 | D:4      | Reached XP level 6. HP: 31/47 MP: 6/6
  2288 | D:4      | Found a staircase to the Ecumenical Temple.
  2332 | D:4      | XOM: harmless Tmut miscast
  2393 | D:4      | XOM: cast spell 'Summon Butterflies'
  2625 | D:4      | Found a snail-covered altar of Cheibriados.
  2708 | D:4      | XOM: potion effect (berserk rage)
  2848 | D:4      | Found a hazy altar of Hepliaklqana.
  2906 | D:5      | Entered Level 5 of the Dungeon
  2911 | D:5      | Reached skill level 7 in Maces & Flails
  2948 | D:5      | Found an ancient bone altar of Kikubaaqudgha.
  2956 | D:5      | Reached XP level 7. HP: 27/52 MP: 7/7
  3110 | D:5      | XOM: god gift: potion of brilliance
  3146 | D:5      | Found an opulent altar of Gozag.
  3291 | D:5      | Found Atairul's Quality Used Wands.
  3314 | D:5      | Found a sand-covered staircase.
  3399 | Ossuary  | Entered an ossuary
  3492 | Ossuary  | XOM: butterfly on damage
  3505 | Ossuary  | Reached skill level 8 in Maces & Flails
  3759 | D:5      | Gained mutation: Scrolls take you a little longer to read. [potion of mutation]
  3759 | D:5      | Gained mutation: You are agile. (Dex +2) [potion of mutation]
  3759 | D:5      | Gained mutation: You possess an exceptional clarity of mind. [potion of mutation]
  3760 | D:5      | Gained mutation: You have razor-sharp toenails. [potion of mutation]
  3760 | D:5      | Gained mutation: You are resistant to hostile enchantments. (MR+) [potion of mutation]
  3798 | D:5      | XOM: scenery: 3 doors close
  3865 | D:5      | Found a sacrificial altar of Ru.
  3991 | D:5      | XOM: god gift: phial of floods
  4182 | D:6      | Noticed Menkaure
  4197 | D:6      | Killed Menkaure
  4197 | D:6      | Reached skill level 9 in Maces & Flails
  4197 | D:6      | Gained mutation: You have claws for feet. [demonic ancestry]
  4197 | D:6      | Reached XP level 8. HP: 19/58 MP: 8/8
  4419 | D:6      | Noticed Dowan
  4420 | D:6      | Noticed Duvessa
  4436 | D:6      | Killed Dowan
  4440 | D:6      | Killed Duvessa
  4786 | D:6      | Reached skill level 10 in Maces & Flails
  5068 | D:6      | XOM: harmless Conj miscast
  5274 | D:6      | Noticed Edmund
  5291 | D:6      | Killed Edmund
  5450 | D:6      | Found an iron altar of Okawaru.
  5453 | D:6      | XOM: enchant monster (bad)
  5572 | D:7      | Found a shadowy altar of Dithmenos.
  5615 | D:7      | Reached skill level 11 in Maces & Flails
  5615 | D:7      | Reached XP level 9. HP: 61/63 MP: 9/9
  5627 | D:7      | XOM: swap monsters
  5630 | D:7      | XOM: potion effect (berserk rage)
  5701 | D:7      | XOM: divination: magic mapping
  5709 | D:7      | XOM: butterfly on damage
  5763 | D:7      | Found a hide-covered altar to Ukayaw.
  5763 | D:7      | XOM: 2-stop teleportation journey
  5933 | D:7      | XOM: potion effect (berserk rage)
  6119 | D:7      | XOM: confuse monster(s)
  6145 | D:7      | XOM: mild Chrm miscast
  6148 | D:7      | Reached skill level 12 in Maces & Flails
  6245 | D:7      | Found a glowing golden altar of the Shining One.
  6339 | D:7      | XOM: cast spell 'Olgreb's Toxic Radiance'
  6397 | D:7      | XOM: summons 1 hostile demon
  6539 | D:7      | Found a runed door.
  6555 | D:7      | Found a runed door.
  6648 | D:7      | Found a runed door.
  6660 | D:7      | XOM: chaos cloud
  6681 | D:7      | Noticed Psyche
  6690 | D:7      | XOM: summons 2 friendly demons
  6702 | D:7      | XOM: fog
  6703 | D:7      | Reached skill level 13 in Maces & Flails
  6716 | D:7      | Paralysed by something for 6 turns
  6717 | D:7      | Killed Psyche
  6717 | D:7      | Reached XP level 10. HP: 70/70 MP: 10/10
  6737 | D:7      | XOM: give mutations
  6737 | D:7      | Gained mutation: You have a pair of small horns on your head. [Xom's grace]
  6737 | D:7      | Lost mutation: Scrolls take you a little longer to read. [Xom's grace]
  6737 | D:7      | Gained mutation: You have supernaturally acute eyesight. (SInv) [Xom's grace]
  6737 | D:7      | Gained mutation: Your mind is acute. (Int +2) [Xom's grace]
  6737 | D:7      | Gained mutation: You are robust. (+10% HP) [Xom's grace]
  6755 | D:7      | Found a runed door.
  7308 | D:8      | XOM: god gift: war axe {god gift}
  7346 | D:8      | XOM: cast spell 'Summon Butterflies'
  7443 | D:8      | XOM: polymorph killer bee -> hell rat
  7510 | D:8      | XOM: 7-stop teleportation journey
  7556 | D:8      | XOM: summons 5 hostile demons
  7560 | D:8      | Reached skill level 14 in Maces & Flails
  7682 | D:9      | Found a staircase to the Orcish Mines.
  7745 | D:9      | Found Teotear's Distillery.
  7786 | D:9      | Drew Focus: Dex increased to 16, Str decreased to 11
  7903 | D:9      | Found a shimmering altar of Xom.
  7982 | D:9      | Noticed a green ugly thing
  7983 | D:9      | XOM: enchant monster (bad)
  7986 | D:9      | XOM: fog
  7996 | D:9      | Killed a green ugly thing
  8339 | D:10     | Entered Level 10 of the Dungeon
  8361 | D:10     | Noticed Yehuk's ghost (novice DrCj)
  8364 | D:10     | Noticed a hill giant
  8372 | D:9      | XOM: enchant monster (bad)
  8381 | D:9      | Killed a hill giant
  8695 | D:10     | XOM: silly message
  8697 | D:10     | XOM: cast spell 'Summon Butterflies'
  8703 | D:10     | XOM: polymorph butterfly -> giant newt
  8707 | D:10     | Killed Yehuk's ghost
  8847 | D:10     | Reached skill level 15 in Maces & Flails
  8847 | D:10     | Gained mutation: You are partially covered in yellow scales. (AC +2) [demonic ancestry]
  8847 | D:10     | Reached XP level 11. HP: 38/82 MP: 11/11
  8857 | D:10     | Reached skill level 1 in Dodging
  8861 | D:10     | Gained mutation: You tend to lose your temper in combat. [mutagenic meat]
  8862 | D:10     | Lost mutation: You tend to lose your temper in combat. [mutagenic meat]
  9063 | D:10     | XOM: 4-stop teleportation journey
  9242 | D:10     | XOM: medium Necr miscast
  9471 | D:10     | XOM: 1-stop teleportation journey
  9478 | D:10     | XOM: polymorph yak -> polar bear
  9479 | D:10     | XOM: fog
  9485 | D:10     | XOM: smoke on damage
  9503 | D:10     | HP: 3/82 [yak (5)]
  9593 | D:10     | XOM: destruction
  9611 | D:10     | XOM: destruction
  9612 | D:10     | XOM: summons 5 friendly demons
  9724 | D:10     | XOM: vitrification
  9771 | D:11     | Killed from afar by an electric eel

Vault maps used:
D:1:      evilmike_arrival_plus
D:3:      nicolae_ashenzari_panopticon, lemuel_crystal_altar, nemelex_deck
D:4:      kennysheep_the_goblin_king, old_standard_altar, kennysheep_little_box,
          item_on_display_a
D:5:      nicolae_gozag_cash_rules_everything_around_me, old_standard_altar,
          nicolae_ru_awakened_eye, enter_ossuary_1, first_bread,
          nicolae_for_you_no_charge
D:6:      lemuel_ice_spiral_2, kennysheep_okawaru_gauntlet, uniq_edmund,
          uniq_menkaure, uniq_duvessa
D:7:      erik_cavepeople, lemuel_round_altar, nicolae_tso_besieged_by_evil,
          lemuel_round_altar
D:9:      kb_xom_exploding_sheep, nicolae_overflow_hidden_temple, serial_shops,
          nicolae_shop_trees
D:10:     hangedman_stone_soup
D:11:     erik_lair_dragon, nemelex_diamond_rough_becter
Ossuary:  ossuary_boxes_badplayer

Skill      XL: |  1  2  3  4  5  6  7  8  9 10 11 |
---------------+----------------------------------+-----
Maces & Flails | 3 4 5 6 7 9 11 13 15 | 15.0
Dodging        | 2 |  2.1
Armour         | 3 |  3.4
Fighting       | 4 |  4.2

Action                   |  1- 3 |  4- 6 |  7- 9 | 10-12 || total
-------------------------+-------+-------+-------+-------++-------
Melee: Mace              |    71 |   116 |   163 |       ||   350
       Kick              |       |    16 |   121 |    82 ||   219
       Dire flail        |       |       |   196 |   330 ||   526
       Headbutt          |       |       |       |    57 ||    57
Evoke: Deck              |       |       |       |     2 ||     2
       Phial of floods   |       |       |       |     1 ||     1
  Use: Scroll            |    12 |     6 |     5 |     5 ||    28
       Potion            |       |     1 |     2 |     5 ||     8
 Stab: Paralysed         |     1 |     1 |       |       ||     2
       Confused          |       |     1 |     5 |       ||     6
       Distracted        |       |     2 |       |       ||     2
       Sleeping          |       |       |     2 |       ||     2
  Eat: Chunk             |     2 |     1 |     3 |     5 ||    11
       Fruit             |       |     5 |       |       ||     5
       Meat ration       |       |       |     2 |     1 ||     3
       Pizza             |       |       |       |     3 ||     3
Armor: Leather armour    |    22 |    41 |    28 |       ||    91
       Scale mail        |       |       |    54 |   125 ||   179
       Skin              |       |       |       |     5 ||     5
Dodge: Dodged            |    33 |    65 |   112 |    81 ||   291
